 Dungeon Crawl Stone Soup version 0.24-a0-92-g7d8ec57 (console) character file.

Game seed: 5462291943749249493

11 Duffy the Ruffian (level 2, -5/23 HPs)
             Began as a Draconian Transmuter on Feb 9, 2019.
             Slain by an ogre
             ... wielding a +0 giant club
              (19 damage)
             ... on level 2 of the Dungeon.
             The game lasted 00:00:39 (493 turns).

Duffy the Ruffian (Draconian Transmuter)             Turns: 493, Time: 00:00:39

Health: -5/23      AC:  4    Str: 12    XL:     2   Next: 13%
Magic:  1/5        EV: 12    Int: 13    God:
Gold:   3          SH:  0    Dex: 11    Spells: 2/5 levels left

rFire    . . .     SeeInvis .     - Unarmed
rCold    . . .     Gourm    .   (no shield)
rNeg     . . .     Faith    .   (armour unavailable)
rPois    .         Spirit   .   (helmet restricted)
rElec    .         Reflect  .   (no cloak)
rCorr    +         Harm     .   (no gloves)
MR       .....                  (no boots)
Stlth    +.........             (no amulet)
HPRegen  0.07/turn              d - ring of resist corrosion
MPRegen  0.09/turn              (no ring)

@: no status effects
A: unfitting armour, cold-blooded, AC +4
a: no special abilities


You were on level 2 of the Dungeon.
You were not hungry.

You visited 1 branch of the dungeon, and saw 2 of its levels.

You collected 3 gold pieces.

Inventory:

Missiles
 a - 10 arrows
Jewellery
 d - a ring of resist corrosion (left hand)
Scrolls
 b - a scroll of remove curse {unknown}
 e - a scroll of identify {unknown}
Comestibles
 c - a ration


   Skills:
 - Level 1.1 Fighting
 - Level 1.7 Dodging
 + Level 3.3 Unarmed Combat
 - Level 2.0 Spellcasting
 + Level 2.4 Transmutations


You had 2 spell levels left.
You knew the following spells:

 Your Spells              Type           Power        Failure   Level  Hunger
h - Beastly Appendage     Tmut           #.....       10%         1    ##.....
j - Sticks to Snakes      Tmut           #.......     14%         2    ###....

Your spell library contained the following spells:

 Spells                   Type           Power        Failure   Level  Hunger
 Spider Form              Tmut/Pois      #.........   43%         3    ####...
 Ice Form                 Ice/Tmut       #.......     83%         4    #####..
 Blade Hands              Tmut           #.........   95%         5    ######.


Dungeon Overview and Level Annotations

Branches:
Dungeon (2/15)

Altars:
Fedhas


Innate Abilities, Weirdness & Mutations

Your plain brown scales are hard. (AC +4)
You cannot fit into any form of body armour.
You are cold-blooded and may be slowed by cold attacks.


Message History

The rat twitches its whiskers.
Things that are here:
a +0 club; a stone
Things that are here:
a jackal skeleton x2
There is an open door here.
You hit the rat.
You kill the rat!
Cast which spell? (? or * to list)
You create a snake!
You now have 11 arrows.
Cast which spell? (? or * to list)
You create a snake!
You now have 10 arrows.
The ogre misses you.
Your ball python bites the ogre but does no damage.
You hit the ogre.
The ogre is lightly wounded.
Your ball python barely misses the ogre.
Your ball python bites the ogre but does no damage.
The ogre hits you with a +0 giant club!!
Ouch! That really hurt!
You die...

####### . #.O...# ######## .
#.###.# #########......# .##.# #.#
#..)%...#......# ....# #O#
#.#####%#......# ..O##
#.###.###(.OS......# ##.#
#.#.O...#..@S......#
#.####.O..##.#..........#######..
##....###.....................O...
....#......#.####.#.............##
....#..#####... #.#####.........#
....+.......###.#?# #.!.......#
...$#.P.P.#.# #.# #.........#
..#...._..... #.# #########...
#+###.P.P.#+# .##


You could see an ogre and 2 friendly ball pythons.

Vanquished Creatures
  A leopard gecko (D:2)
  A goblin (D:2)
  3 jackals (D:2)
  A bat (D:2)
  A frilled lizard (D:1)
  A kobold (D:2)
  2 rats
10 creatures vanquished.

Notes
Turn   | Place    | Note
-------+----------+-------------------------------------------
     0 | D:1      | Duffy the Draconian Transmuter began the quest for the Orb.
     0 | D:1      | Reached XP level 1. HP: 16/16 MP: 3/3
   413 | D:2      | Reached XP level 2. HP: 9/23 MP: 5/5
   417 | D:2      | Learned a level 2 spell: Sticks to Snakes
   427 | D:2      | Noticed an ogre
   452 | D:2      | Found a blossoming altar of Fedhas.
   493 | D:2      | Slain by an ogre

Levels and vault maps discovered:
D:1:      tarquinn_simple_flora_water_f, layout_basic
D:2:      layout_basic, fedhas_altar_1

Action                   || total
-------------------------++-------
Melee: Unarmed           ||    39
       Tailslap          ||     5
 Cast: Sticks to Snakes  ||     2
Armor: Skin              ||    23
Dodge: Dodged            ||    36

Table legend:
 A = Non-vault XP
 B = Vault XP
 C = Vault XP percentage of total XP
 D = Non-vault monster count
 E = Vault monster count
 F = Vault count percentage of total count
                 A         B        C        D         E       F
            +---------+---------+-------+---------+---------+-------
      Total |      16 |       0 |   0.0 |      10 |       0 |   0.0
            +---------+---------+-------+---------+---------+-------
        D:1 |       2 |       0 |   0.0 |       2 |       0 |   0.0
        D:2 |      14 |       0 |   0.0 |       8 |       0 |   0.0
            +---------+---------+-------+---------+---------+-------
